3L
MONTANA PANDAS @ HARTFORD WHALERS
09/12/2021
 
TOP OF THE 1ST
Montana Pandas batting - Pitching for Hartford Whalers : RHP Glenn West
Pitching: RHP Glenn West
Batting: LHB Pancho Ruíz 0-0: Called Strike
0-1: Ball
1-1: Called Strike
1-2: Ball
2-2: Strikes out swinging
Batting: LHB Jeff Lee 0-0: Ball
1-0: Foul Ball, location: 2F
1-1: Foul Ball, location: 2F
1-2: Strikes out swinging
Batting: LHB Andrés Ibarra 0-0: Called Strike
0-1: Called Strike
0-2: Ball
1-2: Ball
2-2: Foul Ball, location: 2F
2-2: Ball
3-2: SINGLE (Groundball, 56D)
Batting: LHB Steve Riggs 0-0: Ball
1-0: Called Strike
1-1: Ground out 5-3 (Groundball, 56)
Top of the 1st over - 0 run(s), 1 hit(s), 0 error(s), 1 left on base; Montana 0 - Hartford 0
BOTTOM OF THE 1ST
Hartford Whalers batting - Pitching for Montana Pandas : RHP Pablo De La Torre
Pitching: RHP Pablo De La Torre
Batting: RHB Russell Jackson 0-0: Ball
1-0: Ball
2-0: Fly out, F6 (Line Drive, 56)
Batting: RHB Javier Díaz 0-0: Ball
1-0: Ball
2-0: SINGLE (Line Drive, 78M)
Batting: LHB César Durán 0-0: Ball
1-0: Grounds out, U3 (Groundball, 3L)
Batting: RHB Mike Brown 0-0: Called Strike
0-1: Ball
1-1: Ground out 5-3 (Groundball, 5L)
Bottom of the 1st over - 0 run(s), 1 hit(s), 0 error(s), 1 left on base; Montana 0 - Hartford 0
TOP OF THE 2ND
Montana Pandas batting - Pitching for Hartford Whalers : RHP Glenn West
Batting: LHB Luis Costello 0-0: Ball
1-0: Ball
2-0: Ball
3-0: Called Strike
3-1: SOLO HOME RUN (Flyball, 9D), Distance : 366 ft
Batting: LHB Tomás Guillén 0-0: Foul Ball, location: 2F
0-1: Foul Ball, location: 2F
0-2: Strikes out swinging
Batting: RHB Ron Ward 0-0: Swinging Strike
0-1: Ball
1-1: Called Strike
1-2: Strikes out swinging
Batting: LHB Albert González 0-0: Ball
1-0: Ball
2-0: Called Strike
2-1: Ball
3-1: Base on Balls
Batting: RHB Pancho Salaedo 0-0: Ball
1-0: Ball
2-0: Ball
3-0: Called Strike
3-1: Foul Ball, location: 2F
3-2: Ground out 6-3 (Groundball, 6)
Top of the 2nd over - 1 run(s), 1 hit(s), 0 error(s), 1 left on base; Montana 1 - Hartford 0
BOTTOM OF THE 2ND
Hartford Whalers batting - Pitching for Montana Pandas : RHP Pablo De La Torre
Batting: RHB Brent Burgess 0-0: Ball
1-0: DOUBLE (Flyball, 89M)
Batting: LHB Norm Ortega 0-0: Ball
1-0: Foul Ball, location: 2F
1-1: Foul Ball, location: 2F
1-2: Strikes out swinging
Batting: RHB Michael Collins 0-0: Ball
1-0: Ball
2-0: Ball
3-0: Base on Balls
Batting: RHB Román Centena 0-0: Ball
1-0: Ball
2-0: Ball
3-0: Base on Balls
Brent Burgess to third
Michael Collins to second
Batting: RHB Troy Gine 0-0: Called Strike
0-1: Called Strike
0-2: Fly out, F4 (Popup, 34D)
Batting: RHB Russell Jackson 0-0: Called Strike
0-1: Ball
1-1: Called Strike
1-2: Foul Ball, location: 2F
1-2: Ball
2-2: Ground out 5-3 (Groundball, 15S)
Bottom of the 2nd over - 0 run(s), 1 hit(s), 0 error(s), 3 left on base; Montana 1 - Hartford 0
TOP OF THE 3RD
Montana Pandas batting - Pitching for Hartford Whalers : RHP Glenn West
Batting: LHB Pancho Ruíz 0-0: Called Strike
0-1: Ball
1-1: Ball
2-1: Foul Ball, location: 2F
2-2: Strikes out looking
Batting: LHB Jeff Lee 0-0: Ground out 3-1 (Groundball, 34)
Batting: LHB Andrés Ibarra 0-0: Ball
1-0: Ball
2-0: Ball
3-0: Called Strike
3-1: Foul Ball, location: 2F
3-2: Base on Balls
Batting: LHB Steve Riggs 0-0: Foul Ball, location: 2F
0-1: Foul Ball, location: 2F
0-2: Strikes out swinging
Top of the 3rd over - 0 run(s), 0 hit(s), 0 error(s), 1 left on base; Montana 1 - Hartford 0
BOTTOM OF THE 3RD
Hartford Whalers batting - Pitching for Montana Pandas : RHP Pablo De La Torre
Batting: RHB Javier Díaz 0-0: Ball
1-0: Foul Ball, location: 2F
1-1: Foul Ball, location: 2F
1-2: Foul Ball, location: 2F
1-2: Ball
2-2: Strikes out looking
Batting: LHB César Durán 0-0: Called Strike
0-1: Ball
1-1: Ball
2-1: Ball
3-1: Foul Ball, location: 2F
3-2: Foul Ball, location: 2F
3-2: Foul Ball, location: 2F
3-2: Strikes out swinging
Batting: RHB Mike Brown 0-0: Ball
1-0: Ball
2-0: Called Strike
2-1: Ground out 5-3 (Groundball, 5)
Bottom of the 3rd over - 0 run(s), 0 hit(s), 0 error(s), 0 left on base; Montana 1 - Hartford 0
TOP OF THE 4TH
Montana Pandas batting - Pitching for Hartford Whalers : RHP Glenn West
Batting: LHB Luis Costello 0-0: Ball
1-0: Called Strike
1-1: Ball
2-1: Ball
3-1: Ground out 4-3 (Groundball, 4)
Batting: LHB Tomás Guillén 0-0: Called Strike
0-1: Fly out, F9 (Flyball, 89M)
Batting: RHB Ron Ward 0-0: Ball
1-0: Swinging Strike
1-1: Foul Ball, location: 2F
1-2: Fly out, F7 (Popup, 7S)
Top of the 4th over - 0 run(s), 0 hit(s), 0 error(s), 0 left on base; Montana 1 - Hartford 0
BOTTOM OF THE 4TH
Hartford Whalers batting - Pitching for Montana Pandas : RHP Pablo De La Torre
Batting: RHB Brent Burgess 0-0: Ball
1-0: Ground out 4-3 (Groundball, 4)
Batting: LHB Norm Ortega 0-0: Ball
1-0: Foul Ball, location: 2F
1-1: Foul Ball, location: 2F
1-2: Foul Ball, location: 2F
1-2: Fly out, F6 (Line Drive, 6)
Batting: RHB Michael Collins 0-0: Ball
1-0: Fly out, F9 (Flyball, 89XD)
Bottom of the 4th over - 0 run(s), 0 hit(s), 0 error(s), 0 left on base; Montana 1 - Hartford 0
TOP OF THE 5TH
Montana Pandas batting - Pitching for Hartford Whalers : RHP Glenn West
Batting: LHB Albert González 0-0: Called Strike
0-1: Ball
1-1: Ground out 2-3 (Groundball, 2L)
Batting: RHB Pancho Salaedo 0-0: Fly out, F6 (Line Drive, 6)
Batting: LHB Pancho Ruíz 0-0: Ball
1-0: Ground out 4-3 (Groundball, 34)
Top of the 5th over - 0 run(s), 0 hit(s), 0 error(s), 0 left on base; Montana 1 - Hartford 0
BOTTOM OF THE 5TH
Hartford Whalers batting - Pitching for Montana Pandas : RHP Pablo De La Torre
Pitching: RHP Rubén Sánchez
Batting: RHB Román Centena 0-0: Foul Ball, location: 2F
0-1: Foul Ball, location: 2F
0-2: Foul Ball, location: 2F
0-2: Strikes out swinging, 2-3 out at first.
Batting: RHB Troy Gine 0-0: Ball
1-0: Called Strike
1-1: Ground out 1-3 (Groundball, 15S)
Batting: RHB Russell Jackson 0-0: Ball
1-0: Ball
2-0: Ball
3-0: Base on Balls
Batting: RHB Javier Díaz 0-0: SINGLE (Line Drive, 7LS)
Russell Jackson to second
Batting: LHB César Durán 0-0: Ball
1-0: Ball
2-0: Called Strike
2-1: Foul Ball, location: 2F
2-2: Ball
3-2: Base on Balls
Russell Jackson to third
Javier Díaz to second
Batting: RHB Mike Brown 0-0: Ball
1-0: Ball
2-0: Ball
3-0: Base on Balls
Russell Jackson scores
Javier Díaz to third
César Durán to second
Batting: RHB Brent Burgess 0-0: Ball
1-0: Ball
2-0: Fly out, F7 (Flyball, 78M)
Bottom of the 5th over - 1 run(s), 1 hit(s), 0 error(s), 3 left on base; Montana 1 - Hartford 1
TOP OF THE 6TH
Montana Pandas batting - Pitching for Hartford Whalers : RHP Glenn West
Batting: LHB Jeff Lee 0-0: Called Strike
0-1: Bunt missed!
0-2: Ball
1-2: Ball
2-2: SINGLE (Flyball, 8LS) - OUT at second base trying to stretch hit.
Batting: LHB Andrés Ibarra 0-0: Ball
1-0: Called Strike
1-1: Ball
2-1: Foul Ball, location: 2F
2-2: Strikes out looking
Batting: LHB Steve Riggs 0-0: Ground out 4-3 (Groundball, 4)
Top of the 6th over - 0 run(s), 1 hit(s), 0 error(s), 0 left on base; Montana 1 - Hartford 1
BOTTOM OF THE 6TH
Hartford Whalers batting - Pitching for Montana Pandas : RHP Rubén Sánchez
Batting: LHB Norm Ortega 0-0: Ball
1-0: Ball
2-0: Called Strike
2-1: Swinging Strike
2-2: Ball
3-2: Foul Ball, location: 2F
3-2: Foul Ball, location: 2F
3-2: Foul Ball, location: 2F
3-2: Ground out 1-3 (Groundball, 13)
Pitching: RHP Stephen Dowell
Batting: RHB Michael Collins 0-0: Foul Ball, location: 2F
0-1: Foul Ball, location: 2F
0-2: Ball
1-2: Strikes out looking
Batting: RHB Román Centena 0-0: Called Strike
0-1: Ball
1-1: Ball
2-1: Ball
3-1: Ground out U3 (Groundball, 3L)
Bottom of the 6th over - 0 run(s), 0 hit(s), 0 error(s), 0 left on base; Montana 1 - Hartford 1
TOP OF THE 7TH
Montana Pandas batting - Pitching for Hartford Whalers : RHP Glenn West
Batting: LHB Luis Costello 0-0: SINGLE (Line Drive, 8LS)
Batting: LHB Tomás Guillén 0-0: Grounds into double play, 3-6-1 (Groundball, 3)
Batting: RHB Ron Ward 0-0: Foul Ball, location: 2F
0-1: Ball
1-1: Called Strike
1-2: Foul Ball, location: 2F
1-2: Reached on error, E5 (Groundball, 5S)
Batting: LHB Albert González 0-0: Ball
1-0: Called Strike
1-1: Ball
2-1: Swinging Strike
2-2: Foul Ball, location: 2F
2-2: Strikes out swinging
Top of the 7th over - 0 run(s), 1 hit(s), 1 error(s), 1 left on base; Montana 1 - Hartford 1
BOTTOM OF THE 7TH
Hartford Whalers batting - Pitching for Montana Pandas : RHP Stephen Dowell
Batting: RHB Troy Gine 0-0: Called Strike
0-1: Foul Ball, location: 2F
0-2: Strikes out swinging
Batting: RHB Russell Jackson 0-0: Ball
1-0: Ball
2-0: Ball
3-0: SINGLE (Groundball, 6M)
Batting: RHB Javier Díaz 0-0: Ball
1-0: Ball
2-0: Ball
3-0: Called Strike
3-1: Base on Balls
Russell Jackson to second
Batting: LHB César Durán 0-0: Ball
1-0: Called Strike
1-1: Ball
2-1: Foul Ball, location: 2F
2-2: SINGLE (Groundball, 56D)
Russell Jackson to third
Javier Díaz to second
Batting: RHB Mike Brown 0-0: Ball
1-0: Foul Ball, location: 2F
1-1: Fly out, F7 (Flyball, 7D)
Runner from 3rd tags up, SCORES, no throw
Pinch Hitting: RHB Dave O'Day 0-0: Swinging Strike
0-1: Called Strike
0-2: Ball
1-2: Fly out, F8 (Flyball, 8RM)
Bottom of the 7th over - 1 run(s), 2 hit(s), 0 error(s), 2 left on base; Montana 1 - Hartford 2
TOP OF THE 8TH
Montana Pandas batting - Pitching for Hartford Whalers : RHP Glenn West
Now at SS: Dave O'Day
Batting: RHB Pancho Salaedo 0-0: Called Strike
0-1: Called Strike
0-2: Ball
1-2: Foul Ball, location: 2F
1-2: Fly out, F6 (Popup, 56D)
Batting: LHB Pancho Ruíz 0-0: Ball
1-0: Fly out, F9 (Flyball, 9D)
Batting: LHB Jeff Lee 0-0: Reached on error, E6 (Groundball, 6M)
Batting: LHB Andrés Ibarra 0-0: Foul Ball, location: 2F
0-1: Ball
1-1: Foul Ball, location: 2F
1-2: Foul Ball, location: 2F
1-2: Foul Ball, location: 2F
1-2: Foul Ball, location: 2F
1-2: Foul Ball, location: 2F
1-2: Foul Ball, location: 2F
1-2: Foul Ball, location: 2F
1-2: Foul Ball, location: 2F
1-2: Ground out U3 (Groundball, 3)
Top of the 8th over - 0 run(s), 0 hit(s), 1 error(s), 1 left on base; Montana 1 - Hartford 2
BOTTOM OF THE 8TH
Hartford Whalers batting - Pitching for Montana Pandas : RHP Stephen Dowell
Batting: LHB Norm Ortega 0-0: Ball
1-0: Ball
2-0: Called Strike
2-1: Ball
3-1: Base on Balls
Batting: RHB Michael Collins 0-0: Called Strike
0-1: Bunted foul
0-2: Ball
1-2: Ball
2-2: Ball
3-2: DOUBLE (Line Drive, 8LXD)
Norm Ortega to third
Pitching: RHP Adrián Muñíz
Batting: RHB Román Centena 0-0: Ball
1-0: Called Strike
1-1: Ball
2-1: Ball
3-1: Foul Ball, location: 2F
3-2: Fly out, F6 (Line Drive, 56)
Batting: RHB Troy Gine 0-0: Called Strike
0-1: Called Strike
0-2: Ball
1-2: Foul Ball, location: 2F
1-2: SINGLE (Groundball, 6MD)
Norm Ortega scores
Michael Collins to third
Runner from 3rd tries for Home, SAFE, no throw or cutoff
Batting: RHB Russell Jackson 0-0: Ball
1-0: Ball
2-0: Called Strike
2-1: Foul Ball, location: 2F
2-2: Ball
3-2: Foul Ball, location: 2F
3-2: Base on Balls
Troy Gine to second
Batting: RHB Javier Díaz 0-0: Ball
1-0: SINGLE (Groundball, 5D)
Troy Gine to third
Russell Jackson to second
Runner from 3rd tries for Home, SAFE, throw made home
Russell Jackson to third
Javier Díaz to second
Batting: LHB César Durán 0-0: Ball
1-0: Ball
2-0: Called Strike
2-1: Ball
3-1: Base on Balls
Batting: RHB Mike Brown 0-0: Called Strike
0-1: Ball
1-1: Foul Ball, location: 2F
1-2: SINGLE (Popup, 56D)
Russell Jackson scores
Javier Díaz to third
César Durán to second
Runner from 3rd tries for Home, SAFE, throw made home
Pitching: LHP Bob Stewart
Batting: RHB Dave O'Day 0-0: Ball
1-0: Fly out, F7 (Flyball, 78D)
Batting: LHB Norm Ortega 0-0: Ball
1-0: SINGLE (Line Drive, 4M)
César Durán to third
Mike Brown to second
Runner from 3rd tries for Home, SAFE, throw made home
Mike Brown to third
Norm Ortega to second
Batting: RHB Michael Collins 0-0: Swinging Strike
0-1: Ball
1-1: DOUBLE (Flyball, 89M)
Mike Brown scores
Norm Ortega scores
Batting: RHB Román Centena 0-0: Ground out U3 (Groundball, 3L)
Bottom of the 8th over - 8 run(s), 6 hit(s), 0 error(s), 1 left on base; Montana 1 - Hartford 10
TOP OF THE 9TH
Montana Pandas batting - Pitching for Hartford Whalers : RHP Glenn West
Batting: LHB Steve Riggs 0-0: Ball
1-0: SOLO HOME RUN (Line Drive, 9D), Distance : 379 ft
Pitching: RHP Kelly Hampton
Batting: LHB Luis Costello 0-0: Foul Ball, location: 2F
0-1: Ball
1-1: Ball
2-1: Foul Ball, location: 2F
2-2: Ground out 6-3 (Groundball, 6MS)
Batting: LHB Tomás Guillén 0-0: Foul Ball, location: 2F
0-1: Ball
1-1: Ground out 1-3 (Groundball, 15)
Batting: RHB Ron Ward 0-0: Foul Ball, location: 2F
0-1: Swinging Strike
0-2: Ball
1-2: Ball
2-2: Ball
3-2: Foul Ball, location: 2F
3-2: Strikes out looking
Top of the 9th over - 1 run(s), 1 hit(s), 0 error(s), 0 left on base; Montana 2 - Hartford 10
This league is powered by Out of the Park Baseball, the baseball management simulation game for PC, Mac and Linux
Friday, January 22nd, 2016 - OOTP Baseball 16.9 Build 39